 Dungeon Crawl Stone Soup version bcrawl-1.31 (webtiles) character file.

Game seed: 63314600496332603

219100 Morbidden the Cudgeler (level 7, -4/72 HPs)
             Began as an Ent Archaeologist on Apr 7, 2021.
             Slain by a black bear (9 damage)
             ... on level 4 of the Dungeon.
             The game lasted 00:04:01 (3337 turns).

Morbidden the Cudgeler (Ent Archaeologist)          Turns: 3337, Time: 00:04:02

Health: -4/72      AC: 16    Str: 18    XL:     7   Next: 9%
Magic:  7/7        EV: 10    Int: 17    God:
Gold:   1452       SH:  0    Dex:  8    Spells: 6/6 levels left

rFire    . . .     SeeInvis .   a - +2 hand axe (venom)
rCold    . . .     Gourm    .   (no shield)
rNeg     + + +     Faith    .   (armour unavailable)
rPois    +         Spirit   .   c - +1 hat
rElec    .         Reflect  .   p - +0 cloak
rCorr    .         Harm     .   (gloves unavailable)
MR       .....                  (boots unavailable)
Stlth    +++.......             (no amulet)
HPRegen  0.22/turn              (no ring)
MPRegen  0.10/turn              (no ring)

@: very slow
A: large, slow actions, passwall, strong branches, negative energy resistance 3,
poison resistance, slow metabolism 1, torment resistance, unbreathing, AC +14
a: Passwall


You were on level 4 of the Dungeon.
You were not hungry.

You visited 1 branch of the dungeon, and saw 4 of its levels.

You collected 1452 gold pieces.

Inventory:

Hand Weapons
 a - a +2 hand axe of venom (weapon)
 b - a +0 blowgun
 m - a +0 whip
Missiles
 d - 30 curare-tipped needles
 v - 1050 stones (quivered)
Armour
 c - a +1 hat (worn)
 p - a +0 cloak (worn)
Scrolls
 g - 2 scrolls of magic mapping
 i - 3 scrolls of identify
 j - 2 scrolls of remove curse {unknown}
 k - a scroll of amnesia {unknown}
 n - 2 scrolls of blinking
 q - 2 scrolls of teleportation {unknown}
 s - a scroll of fog {unknown}
 t - 2 scrolls of enchant weapon {unknown}
 u - a scroll of noise {unknown}
Potions
 f - a potion of lignification {unknown}
 h - a potion of invisibility {unknown}
 l - a potion of degeneration {unknown}
 o - a potion of flight {unknown}
 r - a potion of agility {unknown}
Comestibles
 e - 9 rations {!d}


   Skills:
 * Level 3.6 Fighting
 + Level 0.7(2.2) Axes
 * Level 5.5(5.6) Maces & Flails
 + Level 4.2 Dodging
 + Level 5.3 Stealth


You had 6 spell levels left.
You didn't know any spells.
Your spell library was empty.

Dungeon Overview and Level Annotations

Branches:
Dungeon (4/12)
 Temple: D:4-7

Altars:
Dithmenos
Hepliaklqana
Qazlal
Ru
Xom


Innate Abilities, Weirdness & Mutations

You move and act slowly.
You can pass through walls and trees.
Your branches can wield two-handed weapons with a shield.
Your thick bark is tough. (AC +14)
You are too large for most types of armour.
You are immune to negative energy. (rN+++)
Your system is resistant to poisons. (rPois)
You have a slow metabolism.
You are immune to unholy pain and torment.
You can survive without breathing.


Message History

The black bear misses you. The black bear closely misses you.
The black bear bites you but does no damage.
The black bear claws you but does no damage.
The black bear closely misses you.
You hit the black bear but do no damage.
The black bear looks more poisoned.
The black bear is moderately wounded.
You hit the black bear.
The black bear looks more poisoned.
The black bear barely misses you. x2
The black bear claws you but does no damage.
The black bear bites you.
* * * LOW HITPOINT WARNING * * *
The black bear claws you but does no damage. x2
No path to travel!
No path to travel!
The black bear goes berserk!
Unknown command.
Unknown command.
The black bear bites you!
You die...

######## ### #.#.... # #..
#.#..# ####.# ..
#.#.#)#..#....#.##.
###.####.@......#.####.##.
.......hh########.........
######.#.#..........##....
#...............##...
#####...........##...
#...#.......##...
#............#...
#..#.........#...
#..###............


You could see 2 black bears.

Vanquished Creatures
  Sigmund (D:2)
  An ogre (D:4)
  A scorpion (D:3)
  2 orc priests (D:4)
  3 worker ants (D:4)
  3 adders (D:4)
  A gnoll (D:3)
  An ooze (D:2)
  2 adder skeletons (D:4)
  4 worms
  A dart slug (D:3)
  7 leopard geckos
  4 orcs
  A ball python (D:4)
  3 bats (D:2)
  A giant cockroach (D:3)
  3 goblins
  9 hobgoblins
  7 kobolds
  5 quokkas
  3 frilled lizards
  8 rats
71 creatures vanquished.

Notes
Turn   | Place    | Note
-------+----------+-------------------------------------------
     0 | D:1      | Morbidden the Ent Archaeologist began the quest for the
                  | Orb.
     0 | D:1      | Reached XP level 1. HP: 21/21 MP: 1/1
   427 | D:1      | Got a smoking brass ring
   428 | D:1      | Identified the ring "Leesu" {Ice rN++ MR-} (You found it on
                  | level 1 of the Dungeon)
   599 | D:1      | Reached XP level 2. HP: 28/29 MP: 2/2
   771 | D:2      | Found a stormy altar of Qazlal.
   771 | D:2      | Found a shadowy altar of Dithmenos.
   772 | D:2      | Found a shimmering altar of Xom.
   787 | D:2      | Found a hazy altar of Hepliaklqana.
  1026 | D:2      | Found a faded altar of an unknown god.
  1204 | D:2      | Reached XP level 3. HP: 37/37 MP: 3/3
  1447 | D:2      | Noticed Sigmund
  1455 | D:2      | Killed Sigmund
  1456 | D:2      | Reached XP level 4. HP: 47/47 MP: 4/4
  1456 | D:2      | Reached XP level 5. HP: 54/54 MP: 5/5
  1456 | D:2      | Identified a scroll of acquirement
  1456 | D:2      | Identified the +0 hat of Foolhardiness {rC+ MP+9} (You
                  | acquired it on level 2 of the Dungeon)
  1456 | D:2      | Identified the amulet of Ru's Favour {RegenMP *Slow rElec
                  | Int+2} (You acquired it on level 2 of the Dungeon)
  1987 | D:3      | Found a sacrificial altar of Ru.
  2006 | D:3      | Reached XP level 6. HP: 50/65 MP: 6/6
  2978 | D:4      | Reached skill level 5 in Stealth
  2982 | D:4      | Reached skill level 5 in Maces & Flails
  3147 | D:4      | Reached XP level 7. HP: 42/72 MP: 7/7
  3337 | D:4      | Slain by a black bear

Skill      XL: |  1  2  3  4  5  6 |
---------------+-------------------+-----
Stealth        | 4 5 |  5.3
Dodging        | 3 4 |  4.2
Maces & Flails | 2 4 5 |  5.5
Fighting       | 2 3 |  3.6
Axes           | |  0.7

Action                   |  1- 3 |  4- 6 |  7- 9 || total
-------------------------+-------+-------+-------++-------
Melee: Whip              |   100 |   100 |       ||   200
       Hand axe          |       |    46 |    11 ||    57
 Fire: Blowgun           |     2 |       |       ||     2
  Use: Scroll            |     1 |     1 |       ||     2
 Stab: Sleeping          |     5 |    10 |       ||    15
  Eat: Chunk             |     4 |     9 |     1 ||    14
Armor: Skin              |    55 |    89 |    20 ||   164
Dodge: Dodged            |    45 |    95 |    16 ||   156
